 Dungeon Crawl Stone Soup version 0.17-a0-2122-g03d97ec (webtiles) character file.

23 bart the Poker (level 2, 0/22 HPs)
             Began as a Merfolk Skald on Oct 21, 2015.
             Succumbed to an adder's poison
             ... on level 3 of the Dungeon.
             The game lasted 00:01:42 (172 turns).

bart the Poker (Merfolk Skald)                       Turns: 172, Time: 00:01:42

Health: 0/22       AC:  3    Str: 12      XL:     2   Next: 95%
Magic:  0/5        EV: 11    Int:  8 (11) God:
Gold:   10         SH:  0    Dex: 13      Spells: 1 memorised, 4 levels left

rFire  . . .     SeeInvis .     e - 19 stones
rCold  . . .     Clarity  .     b - +0 leather armour
rNeg   . . .     SustAt   .     (no shield)
rPois  .         Gourm    .     (no helmet)
rElec  .         Spirit   .     (no cloak)
rCorr  .         Warding  .     (no gloves)
rMut   .         Stasis   .     (no boots)
MR     .....                    (no amulet)
Stlth  +.........               (no ring)
                                (no ring)

@: lethally poisoned (0 -> -6), not resistant to hostile enchantments, very
unstealthy
A: change form in water, swift swim
a: no special abilities


You were on level 3 of the Dungeon.
You were not hungry.

You visited 1 branch of the dungeon, and saw 3 of its levels.

You collected 10 gold pieces.

Inventory:

Hand Weapons
 a - a +0 spear
Missiles
 e - 19 stones (in hand)
 i - 12 exploding sling bullets
Armour
 b - a +0 leather armour (worn)
Scrolls
 g - a scroll of identify {unknown}
 h - 2 scrolls of remove curse {unknown}
Potions
 f - a potion of degeneration {!q}
Books
 c - a book of Battle
Comestibles
 d - a bread ration


   Skills:
 - Level 2.1 Fighting
 + Level 4.9 Polearms
 - Level 0.6 Armour
 - Level 1.3 Dodging
 - Level 2.0 Spellcasting
 - Level 3.2 Charms


You had 4 spell levels left.
You knew the following spells:

 Your Spells              Type           Power        Failure   Level  Hunger
a - Infusion              Chrm           #.....       14%         1    ##.....


Dungeon Overview and Level Annotations

Branches:
Dungeon (3/15)

Altars:


Message History

You now have 2/5 mp.
Your magical infusion is running out.
There is a stone staircase leading down here.
Attack whom?
Aim: a kobold You reach to attack!
You hit the kobold!
You kill the kobold!
You now have 2/5 mp.
You climb downwards.
There is a stone staircase leading up here.
A goblin comes into view. It is wielding a club.
You are no longer magically infusing your attacks.
The goblin shouts!
A goblin is nearby!
An orc comes into view. It is wielding a hand axe.
The orc shouts!
The goblin unwields an uncursed club.
The goblin wields a hunting sling.
The goblin shoots a stone.
The stone hits you.
You see here a stone.
You take 5 damage, and have 17/22 hp.
MASSIVE DAMAGE!!
An adder comes into view.
Unknown command.
You begin infusing your attacks with magical energy.
You hit the adder. The adder misses you.
You now have 1/5 mp.
You hit the adder. The adder closely misses you.
You now have 0/5 mp.
You miss the adder. The adder bites you.
You are poisoned.
The adder poisons you!
You take 1 damage, and have 16/22 hp.
You hit the adder.
You feel sick. The adder barely misses you.
You take 1 damage, and have 15/22 hp.
You hit the adder. The adder misses you. The adder bites you.
* * * LOW HITPOINT WARNING * * *
You are lethally poisoned!
The adder poisons you!
You take 5 damage, and have 10/22 hp.
MASSIVE DAMAGE!!
Unknown command.
You hit the adder.
* * * LOW HITPOINT WARNING * * *
You feel sick. The adder closely misses you.
You take 1 damage, and have 9/22 hp.
Unknown command.
You hit the adder.
You kill the adder!
Your magical infusion is running out.
* * * LOW HITPOINT WARNING * * *
You feel sick.
You take 1 damage, and have 8/22 hp.
Unknown command.
Drink which item? (? for menu, Esc to quit)
It was a potion of degeneration.
There was something very wrong with that liquid.
You feel dopey.
* * * LOW HITPOINT WARNING * * *
You feel sick. The orc hits you but does no damage.
Unknown command.
You barely miss the orc.
* * * LOW HITPOINT WARNING * * *
You feel sick. The orc hits you but does no damage.
You take 1 damage, and have 7/22 hp.
You closely miss the orc. You barely miss the orc.
* * * LOW HITPOINT WARNING * * *
You feel sick. The orc closely misses you.
You take 1 damage, and have 6/22 hp.
You barely miss the orc. The orc barely misses you.
You barely miss the orc.
* * * LOW HITPOINT WARNING * * *
You feel sick.
You take 1 damage, and have 5/22 hp.
You hit the orc.
You kill the orc!
You are no longer magically infusing your attacks.
You now have 0/5 mp.
* * * LOW HITPOINT WARNING * * *
You feel sick.
The goblin unwields an uncursed hunting sling.
The goblin wields an uncursed club.
The goblin hits you with an uncursed club.
* * * LOW HITPOINT WARNING * * *
You see here a hand axe.
You take 3 damage, and have 2/22 hp.
You hit the goblin. The goblin hits you but does no damage.
Unknown command.
You hit the goblin.
You kill the goblin!
* * * LOW HITPOINT WARNING * * *
You feel sick.
You take 1 damage, and have 1/22 hp.
Unknown command.
Items here: ( )) † an uncursed club; an uncursed hunting sling; 18 stones; a goblin corpse Wield which item (- for none, * to show all)? (? for menu, Esc to quit)
e - 19 stones (in hand)
You swing at nothing.
You die...

. #.##.#
.o##.#..#
....(.## ......#
#.... #..#####.#
#(...[...
##.######..####.#
........)@.#
##.######.<# #..#
...... ########


There were no monsters in sight!

Vanquished Creatures
  An adder (D:3)
  A worm (D:2)
  A giant gecko (D:2)
  An orc (D:3)
  A goblin (D:3)
  A hobgoblin (D:1)
  A kobold (D:2)
  A rat (D:2)
8 creatures vanquished.

Notes
Turn   | Place    | Note
--------------------------------------------------------------
     0 | D:1      | bart the Merfolk Skald began the quest for the Orb.
     0 | D:1      | Reached XP level 1. HP: 16/16 MP: 3/3
    98 | D:2      | Reached skill level 4 in Polearms
    98 | D:2      | Reached XP level 2. HP: 22/22 MP: 0/5
   165 | D:3      | HP: 5/22 [poisoned by an adder]
   167 | D:3      | HP: 2/22 [goblin/uncursed club (2)]
   172 | D:3      | Succumbed to an adder's poison

Vault maps used:
D:1:      dpeg_arrival_chase
D:2:      nicolae_overflow_hidden_temple, first_bread
D:3:      elyvilon_altar_4

Action                   || total
-------------------------++-------
Melee: Spear             ||    31
 Cast: Infusion          ||     5
  Use: Potion            ||     1

Vault maps used:
D:1:      dpeg_arrival_chase
D:2:      nicolae_overflow_hidden_temple, first_bread
D:3:      elyvilon_altar_4

Table legend:
 A = Turns spent in this place as a percentage of turns spent in the entire game.
 B = Non-inter-level travel turns spent in this place as a percentage of non-inter-level travel turns spent in the entire game.
 C = Inter-level travel turns spent in this place as a percentage of turns spent in this place.
 D = Turns resting spent in this place as a percentage of non-inter-level travel turns spent in this place.
 E = Turns spent auto-exploring this place as a percentage of non-inter-level travel turns spent in this place.
 F = Non-inter-level travel turns spent in this place divided by the number of levels of this place that you've seen.
                   A       B       C       D       E      F
               +-------+-------+-------+-------+-------+----------------------
         Total | 100.0 | 100.0 |   0.0 |   0.0 |   0.0 |  54.0
       Dungeon | 100.0 | 100.0 |   0.0 |   0.0 |   0.0 |  54.0
               +-------+-------+-------+-------+-------+----------------------

Table legend:
 A = Kills in this place as a percentage of kills in entire the game.
 B = Kills by you in this place as a percentage of kills by you in the entire game.
 C = Kills by friends in this place as a percentage of kills by friends in the entire game.
 D = Other kills in this place as a percentage of other kills in the entire game.
 E = Experience gained in this place as a percentage of experience gained in the entire game.
 F = Experience gained in this place divided by the number of levels of this place that you have seen.
                   A       B       C       D       E      F
               +-------+-------+-------+-------+-------+----------------------
         Total | 100.0 | 100.0 |  -nan |  -nan | 100.0 |  11.0
       Dungeon | 100.0 | 100.0 |  -nan |  -nan | 100.0 |  11.0
               +-------+-------+-------+-------+-------+----------------------
